 Dungeon Crawl Stone Soup version 0.28-a0-895-g6e5f11bd55 (webtiles) character file.

Game seed: 6507275131792448528

1587 vineage the Fighter (level 8, -7/82 HPs)
             Began as a Demonspawn Gladiator on Nov 22, 2021.
             Killed by divine providence
             ... invoked by an orc priest
              (12 damage)
             ... on level 6 of the Dungeon.
             The game lasted 00:08:40 (6396 turns).

vineage the Fighter (Demonspawn Gladiator)          Turns: 6396, Time: 00:08:42

Health: -7/82      AC: 19    Str: 17    XL:     8   Next: 61%
Magic:  8/8        EV:  7    Int: 10    God:
Gold:   788        SH:  0    Dex: 14    Spells: 7/7 levels left

rFire   + . .      SeeInvis .   m - +2 scimitar
rCold   + . .      Faith    .   (no shield)
rNeg    . . .      Spirit   .   q - +0 chain mail
rPois   +          Reflect  .   c - +0 helmet
rElec   +          Harm     .   k - +0 cloak
rCorr   +          Rampage  .   (no gloves)
Will    .....                   (no boots)
Stlth   ..........              (no amulet)
HPRegen 0.23/turn               (no ring)
MPRegen 0.11/turn               (no ring)

@: mighty, resistant, sanguine armoured, unable to read
A: demonic guardian 1, powered by death 1, robust 1, sanguine armour 2, weakness
stinger 1, subdued magic 1, inability to read while threatened
a: no special abilities


You were on level 6 of the Dungeon.
You visited 1 branch of the dungeon, and saw 6 of its levels.

You collected 788 gold pieces.

Inventory:

Hand Weapons
 a - a +0 long sword of freezing
 m - a +2 scimitar (weapon)
Missiles
 d - 3 throwing nets (quivered)
Armour
 c - a +0 helmet (worn)
 k - a +0 cloak (worn)
 q - a +0 chain mail (worn)
Wands
 l - a wand of polymorph (5)
 n - a wand of flame (7)
Scrolls
 i - a scroll of noise {unknown}
 o - 2 scrolls of amnesia
 p - 2 scrolls of holy word
Potions
 f - a potion of berserk rage {unknown}
 h - 2 potions of mutation
 j - 2 potions of ambrosia {unknown}


   Skills:
 + Level 11.1 Fighting
 - Level 2.6 Long Blades
 - Level 1.7 Throwing
 - Level 2.6 Dodging


You had 7 spell levels left.
You didn't know any spells.
Your spell library contained the following spells:

 Spells                   Type           Power      Damage    Failure   Level
 Magic Dart               Conj           0%         1d3       100%        1
 Call Imp                 Summ           0%         N/A       100%        2
 Mephitic Cloud           Conj/Pois/Air  0%         N/A       100%        3


Dungeon Overview and Level Annotations

Branches:
Dungeon (6/15)
 Temple: D:4-7

Altars:
Ashenzari
Zin


Innate Abilities, Weirdness & Mutations

A weak demonic guardian rushes to your aid.
You regenerate a little health from kills.
You are robust. (+10% HP)
When seriously injured, your blood forms thick armour. (AC +9)
You have a small tail.
Your spells are a little easier to cast, but a little less powerful.
You sometimes lose the ability to read scrolls when taking damage.


Message History

The orc priest begins to cast a cantrip, but forgets the words!
You closely miss the orc wizard.
The orc wizard gestures at you while chanting.
The magic dart hits you but does no damage.
You closely miss the orc wizard.
The orc priest calls down the wrath of Beogh upon you.
Beogh smites you!
You feel threatened and lose the ability to read scrolls!
* * * LOW HITPOINT WARNING * * *
A demonic guardian appears!
The orc wizard hits you but does no damage.
You closely miss the orc wizard.
The orc priest begins to cast a cantrip, but forgets the words!
The orc wizard hits you but does no damage.
You barely miss the orc wizard. You tail-slap the orc wizard!
The orc wizard is severely wounded.
The orc wizard barely misses you.
The orc priest hits you but does no damage.
You closely miss the orc wizard. You tail-slap the orc wizard.
The orc wizard is severely wounded.
The orc wizard barely misses you.
The orc priest invokes the aid of Beogh against you.
Beogh smites you!
* * * LOW HITPOINT WARNING * * *
Unknown command.
You feel better. The orc wizard barely misses you.
The orc priest miscasts a cantrip.
You hit the orc priest.
The orc priest is moderately wounded.
The orc wizard hits you but does no damage.
The orc priest hits you with a +0 club.
* * * LOW HITPOINT WARNING * * *
The orc wizard barely misses you. The orc priest barely misses you.
You barely miss the orc priest.
The orc priest is moderately wounded.
The orc wizard casts a spell at you. You resist with some effort.
The orc priest invokes the aid of Beogh against you.
Beogh smites you!
You die...

########## #o@5.....#
#o######.# #)# #.#
.######.######.##
........†.)5#...####...#
.######.###.oo.......#.#
###[#####o..####...#
.........#.###.....#
###.####.#.###.....#


You could see an orc priest, an orc wizard (ally target) and a friendly white
imp (summoned).

Vanquished Creatures
  A fire bat (D:4)
  A steam dragon (D:6)
  An ice beast (D:6)
  5 ogres
  A bullfrog (D:6)
  5 wights
  A howler monkey (D:4)
  A gnoll shaman (D:4)
  A hound (D:5)
  A centaur skeleton (D:4)
  2 orc priests
  3 orc wizards
  A hound skeleton (D:4)
  9 gnolls
  5 adders
  An adder zombie (D:5)
  2 worms (D:2)
  A dart slug (D:4)
  18 orcs
  8 endoplasms
  2 giant cockroaches
  7 hobgoblins
  3 jackals (D:1)
  2 quokkas
  9 ball pythons
  3 bats
  5 frilled lizards
  3 goblins
  4 kobolds
  6 rats
112 creatures vanquished.

Vanquished Creatures (collateral kills)
  A white imp (D:6)
1 creature vanquished.

Grand Total: 113 creatures vanquished

Notes
Turn   | Place    | Note
-------+----------+-------------------------------------------
     0 | D:1      | vineage the Demonspawn Gladiator began the quest for the
                  | Orb.
     0 | D:1      | Reached XP level 1. HP: 16/16 MP: 1/1
   461 | D:1      | Gained mutation: You regenerate a little health from kills.
                  | [demonic ancestry]
   461 | D:1      | Reached XP level 2. HP: 23/23 MP: 2/2
   487 | D:1      | Reached skill level 3 in Fighting
   507 | D:1      | Found a faded altar of an unknown god.
  1116 | D:2      | Gained mutation: When seriously injured, your blood forms
                  | armour. (AC +9) [demonic ancestry]
  1116 | D:2      | Reached XP level 3. HP: 11/30 MP: 3/3
  1398 | D:2      | Reached skill level 4 in Fighting
  1946 | D:3      | Gained mutation: You have a small tail. [demonic ancestry]
  1946 | D:3      | Reached XP level 4. HP: 33/38 MP: 4/4
  2149 | D:3      | Noticed an angel
  2324 | D:3      | Reached skill level 5 in Fighting
  2920 | D:3      | Identified a scroll of acquirement
  2920 | D:3      | Acquired 501 gold pieces
  3095 | D:4      | Found a transporter.
  3152 | D:4      | Gained mutation: A weak demonic guardian rushes to your
                  | aid. [demonic ancestry]
  3152 | D:4      | Reached XP level 5. HP: 44/44 MP: 5/5
  3219 | D:4      | Found a transporter.
  3470 | D:4      | Reached skill level 6 in Fighting
  3672 | D:4      | Noticed a fire bat
  3715 | D:4      | Gained mutation: Your spells are a little easier to cast,
                  | but a little less powerful. [potion of mutation]
  3715 | D:4      | Gained mutation: You sometimes lose the ability to read
                  | scrolls when taking damage. [potion of mutation]
  3716 | D:4      | Killed a fire bat
  3717 | D:4      | Gained mutation: When seriously injured, your blood forms
                  | thick armour. (AC +9) [demonic ancestry]
  3717 | D:4      | Reached XP level 6. HP: 15/53 MP: 6/6
  4016 | D:5      | Entered Level 5 of the Dungeon
  4030 | D:4      | Reached skill level 7 in Fighting
  4203 | D:5      | Gained mutation: You are robust. (+10% HP) [demonic
                  | ancestry]
  4203 | D:5      | Reached XP level 7. HP: 30/67 MP: 7/7
  4415 | D:5      | Reached skill level 8 in Fighting
  5228 | D:5      | Identified the +1 robe of Untruth {rElec}
  5634 | D:5      | Reached skill level 9 in Fighting
  5905 | D:6      | Reached XP level 8. HP: 32/70 MP: 8/8
  6151 | D:6      | Found a broken altar of Ashenzari.
  6349 | D:6      | Reached skill level 10 in Fighting
  6373 | D:6      | HP: 2/81 [orc priest/divine providence (11)]
  6380 | D:6      | Reached skill level 11 in Fighting
  6393 | D:6      | HP: 1/82 [orc priest/divine providence (10)]
  6396 | D:6      | Killed from afar by an orc priest

Illustrated notes

Levels and vault maps discovered:
D:1:      psy_arrival_whirlpool, layout_rooms, ebering_ecumenical_altar_rust
D:2:      layout_basic
D:3:      layout_basic, zin_angel, st_stairs_2
D:4:      gammafunk_cloud_chamber, layout_gridville, minmay_misc_feat_nine_boxes
D:5:      layout_loops_cross, minmay_misc_feat_roman, chequers_jeans,
          minmay_misc_feat_cross, minmay_misc_feat_room
D:6:      layout_loops_ring, ashenzari_conservatory_becter

Skill      XL: |  1  2  3  4  5  6  7  8 |
---------------+-------------------------+-----
Fighting       | 3 4 5 6 7 9 11 | 11.1
Long Blades    | |  2.6
Throwing       | |  1.7
Dodging        | |  2.6

Action                   |  1- 3 |  4- 6 |  7- 9 || total
-------------------------+-------+-------+-------++-------
Melee: Long sword        |   117 |   120 |    61 ||   298
       Tailslap          |       |    11 |    17 ||    28
       Scimitar          |       |       |    68 ||    68
  Use: Scroll            |     1 |     3 |       ||     4
       Potion            |       |     9 |     5 ||    14
 Stab: Distracted        |       |       |     1 ||     1
Armor: Leather armour    |    30 |    31 |       ||    61
       Chain mail        |       |    47 |   103 ||   150
Dodge: Dodged            |   100 |    70 |    62 ||   232

Table legend: (Time is in decaauts)
 A = Elapsed time spent in this place.
 B = Non-inter-level travel time spent in this place.
 C = Inter-level travel time spent in this place.
 D = Time resting spent in this place.
 E = Time spent auto-exploring this place.
 F = Levels seen in this place.
 G = Mean time per level.
                   A        B        C        D        E       F      G
               +--------+--------+--------+--------+--------+-----+--------+
         Total |   6499 |   6182 |    317 |   1429 |   3788 |   6 | 1083.2 |
       Dungeon |   6499 |   6182 |    317 |   1429 |   3788 |   6 | 1083.2 |
               +--------+--------+--------+--------+--------+-----+--------+

Top non-repeatable levels by time:
     D:5: 1676 daAuts
     D:3: 1216 daAuts
     D:2: 1172 daAuts
     D:4: 1113 daAuts
     D:1: 740 daAuts
     D:6: 580 daAuts
